 Dungeon Crawl Stone Soup version 0.30.0-5-g1a98f26d00 (webtiles) character file.

Game seed: 571189487358600341

30 NinjaNoafa the Firebug (level 3, -8/16 HPs)
             Began as a Vine Stalker Fire Elementalist on May 11, 2023.
             Killed from afar by Robin (24 damage)
             ... with a bolt of dispelling energy
             ... on level 2 of the Dungeon.
             The game lasted 00:02:31 (533 turns).

NinjaNoafa the Firebug (VSFE)                        Turns: 533, Time: 00:02:31

Health: -8/16      AC:  4    Str: 10    XL:     3   Next: 20%
Magic:  0/8        EV: 12    Int: 17    God:
Gold:   13         SH:  0    Dex: 14    Spells: 4/7 levels left

rFire   . . .        a - +0 short sword
rCold   . . .        (no shield)
rNeg    . . .        i - +0 robe
rPois   .            (no helmet)
rElec   .            (no cloak)
rCorr   .            (no gloves)
SInv    .            d - +1 pair of boots
Will    .....        (no amulet)
Stlth   ++           (no ring)
HPRegen 0.22/turn    (no ring)
MPRegen 0.11/turn

%: guardian spirit
@: no status effects
A: fangs 2, magic shield, antimagic bite, no potion heal 2
a: no special abilities


You were on level 2 of the Dungeon.
You visited 1 branch of the dungeon, and saw 2 of its levels.

You collected 13 gold pieces.

Inventory:

Hand Weapons
 a - a +0 short sword (weapon)
Armour
 d - a +1 pair of boots (worn)
 i - a +0 robe (worn)
Scrolls
 f - a scroll of identify {unknown}
 h - 2 scrolls of blinking {unknown}
Potions
 b - a potion of magic
 c - a potion of brilliance {unknown}
 e - a potion of attraction {unknown}
 g - 2 potions of haste {unknown}
 j - a potion of curing {unknown}


   Skills:
 - Level 1.5 Dodging
 - Level 2.4 Stealth
 + Level 2.7 Spellcasting
 + Level 1.9 Conjurations
 + Level 3.4 Fire Magic


You had 4 spell levels left.
You knew the following spells:

 Your Spells              Type           Power      Damage    Failure   Level
a - Foxfire               Conj/Fire      44%        2x1d6     6%          1
b - Scorch                Fire           28%        2d6       7%          2

Your spell library contained the following spells:

 Spells                   Type           Power      Damage    Failure   Level
 Inner Flame              Hex/Fire       8%         N/A       26%         3
 Volatile Blastmotes      Fire/Tloc      16%        2d11      26%         3
 Flame Wave               Conj/Fire      11%        2d6       52%         4


Dungeon Overview and Level Annotations

Branches:
Dungeon (2/15) Zot: 11461

Altars:

Annotations:
D:2 Robin


Innate Abilities, Weirdness & Mutations

You have extremely sharp teeth.
When hurt, damage is shared between your health and your magic reserves.
Your bite disrupts and absorbs the magic of your enemies.
Potions cannot restore your health.


Message History

You conjure some foxfire!
The goblin unwields a +0 dagger.
The goblin wields a +0 sling.
The goblin shoots a sling bullet.
The sling bullet hits you.
You hear a shout! x2
A goblin comes into view. It is wielding a +0 dagger.
There are monsters nearby!
There are monsters nearby!
There are monsters nearby!
You conjure some foxfire!
The foxfire hits the goblin.
You kill the goblin!
The foxfire hits the goblin.
You kill the goblin!
Robin of the Strong Arm comes into view.
They are wielding a +0 dagger and carrying a wand of quicksilver (7).
Unknown command.
You conjure some foxfire!
Your foxfire dissipates!
Robin roars a battlecry!
You hear a shout! x2
You conjure some foxfire!
Your foxfire dissipates!
Robin says, "A pitiful Vine Stalker like you will never find the ORB!"
Robin throws the goblin at you!
You are out of magic!
You hit the goblin.
You kill the goblin!
The foxfire hits Robin.
Robin is moderately wounded.
Robin says, "We wiped out the hill dwarves - you're next!"
Your foxfire dissipates!
The foxfire hits Robin.
Robin is moderately wounded.
Your foxfire dissipates!
A hobgoblin comes into view.
You see here a +0 club.
A goblin comes into view. It is wielding a +0 club.
The goblin shouts!
Robin zaps a wand.
The bolt of dispelling energy hits you!!
Ouch! That really hurt!
You die...

#. #g #)#####+###
#.g.......# #.........#
#..g......# #.........#
#...@.....#
#.....)...######
#..............+
#.........######
#############.....)...#
..............#########
###############


You could see Robin, a hobgoblin (strong) and a goblin (strong).

Vanquished Creatures
  2 dart slugs
  2 endoplasms (D:2)
  A giant cockroach (D:1)
  4 goblins (D:2)
  2 hobgoblins (D:1)
  3 jackals (D:1)
  2 quokkas (D:1)
  2 bats (D:1)
  3 kobolds (D:1)
  2 rats (D:1)
23 creatures vanquished.

Vanquished Creatures (others)
  51 foxfires
51 creatures vanquished.

Grand Total: 74 creatures vanquished

Notes
Turn   | Place    | Note
-------+----------+-------------------------------------------
     0 | D:1      | NinjaNoafa the Vine Stalker Fire Elementalist began the
                  | quest for the Orb.
     0 | D:1      | Reached XP level 1. HP: 9/9 MP: 4/4
    85 | D:1      | Reached XP level 2. HP: 13/13 MP: 1/6
    88 | D:1      | Learned a level 2 spell: Scorch
   498 | D:2      | Reached XP level 3. HP: 16/16 MP: 4/8
   526 | D:2      | Noticed Robin
   533 | D:2      | Killed from afar by Robin

Illustrated notes

Levels and vault maps discovered:
D:1:      scummos_arrival_simple_crosswalls, layout_rooms, serial_rivers,
          chequers_serial_rivers_marsh, chequers_serial_rivers_micro_a,
          chequers_serial_rivers_marsh, chequers_serial_rivers_micro_a,
          chequers_serial_rivers_marsh, chequers_serial_rivers_micro_b
D:2:      layout_basic, nicolae_ecumenical_snake_handling, uniq_robin

Action                     || total
---------------------------++-------
  Melee: Spear             ||     5
         Bite              ||     5
         Dagger            ||     9
         Short sword       ||     8
   Cast: Foxfire           ||    28
         Scorch            ||     1
 Armour: Robe              ||     9
  Dodge: Dodged            ||    13
